 Dungeon Crawl Stone Soup version 0.29.1-15-g9cfb28693d (webtiles) character file.

Game seed: 3261816099232875541

1097 Soleod the Chiller (level 7, -6/50 HPs)
             Began as a Demigod Ice Elementalist on Apr 26, 2023.
             Mangled by SharpKris's ghost (12 damage)
             ... on level 4 of the Dungeon.
             The game lasted 00:21:52 (6999 turns).

Soleod the Chiller (Demigod Ice Elementalist)       Turns: 6999, Time: 00:21:52

Health: -6/50      AC: 11    Str:  9    XL:     7   Next: 84%
Magic:  11/18      EV: 12    Int: 25    God:
Gold:   424        SH:  0    Dex: 14    Spells: 9/16 levels left

rFire   + . .      SeeInvis .   v - staff of cold
rCold   + . .      Faith    .   (no shield)
rNeg    . . .      Spirit   .   a - +0 robe
rPois   .          Reflect  .   (no helmet)
rElec   .          Harm     .   (no cloak)
rCorr   .          Rampage  .   (no gloves)
Will    .....                   (no boots)
Stlth   +++.......              (no amulet)
HPRegen 0.16/turn               r - ring of protection from fire
MPRegen 0.16/turn               (no ring)

@: ice-armoured
A: high MP 1, forlorn, divine attributes
a: no special abilities


You were on level 4 of the Dungeon.
You visited 1 branch of the dungeon, and saw 6 of its levels.

You collected 424 gold pieces.

Inventory:

Missiles
 e - a throwing net
Armour
 a - a +0 robe (worn)
Magical Staves
 m - a staff of fire
 t - a staff of fire
 v - a staff of cold (weapon)
Jewellery
 r - a ring of protection from fire (left hand)
 w - a ring of willpower
 B - a +4 ring of slaying
Wands
 x - a wand of roots (10)
 A - a wand of flame (10)
Scrolls
 c - 4 scrolls of butterflies
 f - 2 scrolls of poison {unknown}
 g - a scroll of blinking
 l - 2 scrolls of teleportation
 n - a scroll of enchant weapon {unknown}
 o - 2 scrolls of magic mapping {unknown}
 q - 2 scrolls of immolation {unknown}
 s - a scroll of acquirement {unknown}
 u - 2 scrolls of enchant armour
 y - 2 scrolls of identify
Potions
 b - 2 potions of magic
 h - 3 potions of heal wounds {unknown}
 i - 2 potions of invisibility
 j - a potion of cancellation {unknown}
 k - a potion of brilliance {unknown}
 p - 4 potions of degeneration {unknown}
 z - 3 potions of berserk rage {unknown}


   Skills:
 - Level 1.9 Dodging
 + Level 4.5 Stealth
 * Level 5.2 Spellcasting
 * Level 6.5 Ice Magic


You had 9 spell levels left.
You knew the following spells:

 Your Spells              Type           Power      Damage    Failure   Level
a - Freeze                Ice            100%       1d11      1%          1
b - Ozocubu's Armour      Ice            56%        N/A       1%          3
c - Frozen Ramparts       Ice            100%       1d16      1%          3

Your spell library contained the following spells:

 Spells                   Type           Power      Damage    Failure   Level
 Hailstorm                Conj/Ice       34%        3d9       21%         4
 Animate Dead             Necr           6%         N/A       63%         4
 Olgreb's Toxic Radiance  Pois           6%         N/A       63%         4
 Ozocubu's Refrigeration  Ice            28%        4d13      99%         7
 Conjure Ball Lightning   Conj/Air       3%         3x3d6     100%        6
 Haunt                    Necr/Summ      3%         N/A       100%        7
 Discord                  Hex            3%         N/A       100%        8
 Disjunction              Tloc           3%         N/A       100%        8
 Ignition                 Fire           3%         3d4       100%        8
 Infestation              Necr           3%         N/A       100%        8


Dungeon Overview and Level Annotations

Branches:
Dungeon (6/15)
 Temple: D:4-7

Shops:
D:1 ([([(

Annotations:
D:4 1 transporter, SharpKris's ghost, amateur HuFi


Innate Abilities, Weirdness & Mutations

You have an increased reservoir of magic. (+10% MP)
You shall have no god before yourself.
Your divine heritage dramatically boosts your attributes as you level up.


Message History

SharpKris's ghost attacks as you move away!
SharpKris's ghost hits you!
* * * LOW HITPOINT WARNING * * *
As you read the scroll of butterflies, it crumbles to dust.
You hear the tinkle of a tiny bell.
SharpKris's ghost hits you but does no damage.
The bullfrog skeleton barely misses your butterfly.
You swap places.
SharpKris's ghost hits your butterfly.
Your butterfly dies!
Your butterfly disappears in a burst of colours!
The bullfrog skeleton hits your butterfly.
Your butterfly dies!
Your butterfly disappears in a burst of colours!
You swap places.
SharpKris's ghost hits your butterfly!
Your butterfly dies!
Your butterfly disappears in a burst of colours!
SharpKris's ghost closely misses your butterfly.
SharpKris's ghost hits your butterfly.
Your butterfly dies!
Your butterfly disappears in a burst of colours!
You start resting.
A bullfrog skeleton is nearby!
A bullfrog skeleton is nearby!
Casting: Ozocubu's Armour (safe; 1% risk of failure)
Confirm with . or Enter, or press ? or * to list all spells.
You feel a surge of power! A film of ice covers your body!
The bullfrog skeleton barely misses you.
Blink to where?
Press: ? - help, Dir - move target, p - SharpKris's ghost
Okay, then.
Unknown command.
You barely miss the bullfrog skeleton.
The bullfrog skeleton is heavily damaged.
The bullfrog skeleton hits you but does no damage.
You hit SharpKris's ghost but do no damage.
SharpKris's ghost is lightly damaged.
You hit SharpKris's ghost.
SharpKris's ghost is lightly damaged.
SharpKris's ghost hits you!
You die...

#...########......#
#.................#
#...########......#
##...########......#
#.................####
#........©...........##
#..#############......#
#..#....$/..Z..#.....##
#.)#.......@W..#.....#
#.)#..##...##..#..†..#
#..#..#8b..8#..#..####
#..#..##...##Zb#..#
#..#...b.©..b..#..#
#..#.[##...##W.#..#
#..#..#8...8#..#..#
#..#..##...##..#..#
#..#..$......b.#..#


You could see SharpKris's ghost (ally target) and a bullfrog skeleton.

Vanquished Creatures
  A steam dragon (D:6)
  A water moccasin (D:6)
  Duvessa (D:4)
  A black bear (D:5)
  An ogre (D:6)
  A centaur (D:5)
  A kobold brigand (D:6)
  A water moccasin zombie (D:4)
  Dowan (D:4)
  A centaur zombie (D:4)
  2 hounds (D:6)
  A centaur skeleton (D:4)
  An orc priest (D:6)
  An iguana (D:5)
  8 adders
  An ufetubus (D:6)
  2 worms
  2 dart slugs
  5 orcs
  5 ball pythons
  8 endoplasms
  2 giant cockroaches
  7 goblins
  5 hobgoblins
  12 kobolds
  2 quokkas
  5 bats (D:1)
  2 frilled lizards
  8 rats
89 creatures vanquished.

Notes
Turn   | Place    | Note
-------+----------+-------------------------------------------
     0 | D:1      | Soleod the Demigod Ice Elementalist began the quest for the
                  | Orb.
     0 | D:1      | Reached XP level 1. HP: 14/14 MP: 5/5
     4 | D:1      | Found Feum's Antique Weapon Shop.
   344 | D:1      | Reached XP level 2. HP: 19/20 MP: 4/7
   443 | D:1      | Found Raont's Weapon Emporium.
   523 | D:1      | Found Bisu's Antique Armour Shoppe.
   576 | D:1      | Found Muis's Antique Armour Emporium.
   612 | D:1      | Found Waten's Weapon Shoppe.
  1331 | D:2      | Reached skill level 4 in Ice Magic
  1338 | D:2      | Reached XP level 3. HP: 25/26 MP: 0/9
  2771 | D:3      | Found a large runed translucent door.
  2773 | D:3      | Found a large runed translucent door.
  3074 | D:3      | Reached XP level 4. HP: 33/33 MP: 7/10
  3741 | D:4      | Learned a level 3 spell: Ozocubu's Armour
  3920 | D:4      | Found a transporter.
  3921 | D:4      | You fall into a shaft and drop 2 floors!
  3981 | D:6      | Noticed a steam dragon
  3986 | D:6      | Learned a level 3 spell: Frozen Ramparts
  4017 | D:6      | Killed a steam dragon
  4018 | D:6      | Reached XP level 5. HP: 24/38 MP: 5/13
  4242 | D:6      | Noticed an ogre
  4249 | D:6      | Killed an ogre
  4250 | D:6      | Reached skill level 5 in Ice Magic
  4250 | D:6      | Reached XP level 6. HP: 45/45 MP: 8/14
  4863 | D:6      | Noticed a water moccasin
  4867 | D:6      | Killed a water moccasin
  5294 | D:5      | Entered Level 5 of the Dungeon
  5401 | D:5      | Noticed an Executioner
  5563 | D:5      | Reached XP level 7. HP: 48/50 MP: 13/16
  5878 | D:5      | Reached skill level 6 in Ice Magic
  6567 | D:4      | Found a transporter.
  6567 | D:4      | Noticed SharpKris's ghost (amateur HuFi)
  6594 | D:4      | Noticed Dowan
  6597 | D:4      | Noticed Duvessa
  6600 | D:4      | Killed Dowan
  6606 | D:4      | Killed Duvessa
  6607 | D:4      | Reached skill level 5 in Spellcasting
  6999 | D:4      | Mangled by SharpKris's ghost

Illustrated notes

Levels and vault maps discovered:
D:1:      dpeg_arrival_windows_large_door, layout_rooms, serial_shops, shop,
          nicolae_shop_bloodbath_and_beyond, shop_fountains,
          nicolae_shop_overgrown_old_shop, nicolae_lakefront_shop,
          ebering_ecumenical_altar_ruins
D:2:      layout_basic, glass_columns_a, minmay_misc_feat_tiny
D:3:      layout_loops_ring, nicolae_ru_path_of_blood, jmf_multi_god_temple2,
          nicolae_underground_beach
D:4:      layout_basic, lemuel_doored_altar, gammafunk_ghost_mausoleum,
          uniq_duvessa
D:5:      layout_loops_ring, makhleb_altar_promises_db, kennysheep_mini_moat,
          nicolae_figureground_pulse
D:6:      layout_loops_ring, nicolae_gozag_cash_rules_everything_around_me,
          minmay_crystal_room

Skill      XL: |  1  2  3  4  5  6  7 |
---------------+----------------------+-----
Stealth        | 2 3 4 |  4.5
Spellcasting   | 2 3 4 5 |  5.2
Ice Magic      | 4 5 6 |  6.5
Dodging        | |  1.9

Action                   |  1- 3 |  4- 6 |  7- 9 || total
-------------------------+-------+-------+-------++-------
Melee: Unarmed           |    15 |       |       ||    15
       Staff             |       |       |    10 ||    10
 Cast: Freeze            |    80 |    38 |    33 ||   151
       Frozen Ramparts   |       |     8 |     2 ||    10
       Ozocubu's Armour  |       |     4 |     5 ||     9
Evoke: Wand              |       |       |    17 ||    17
  Use: Scroll            |     5 |     4 |     1 ||    10
       Potion            |       |       |     3 ||     3
Armor: Robe              |    20 |     3 |    46 ||    69
Dodge: Dodged            |    46 |    21 |    70 ||   137
